 Dungeon Crawl Stone Soup version 0.23.2-40-g277498a001 (webtiles) character file.

Game seed: 11682529540634572397

90 test0r the Bolt Thrower (level 4, -1/28 HPs)
             Began as a Gargoyle Hunter on Sept 26, 2019.
             Slain by a hound (3 damage)
             ... on level 4 of the Dungeon.
             The game lasted 00:30:40 (2257 turns).

test0r the Bolt Thrower (Gargoyle Hunter)           Turns: 2257, Time: 00:30:40

Health: -1/28      AC:  9    Str: 17 (19) XL:     4   Next: 56%
Magic:  4/4        EV: 11    Int: 11      God:
Gold:   102        SH:  0    Dex:  7 (10) Spells: 3/3 levels left

rFire    . . .     SeeInvis .   f - +0 dagger (venom)
rCold    . . .     Gourm    .   (no shield)
rNeg     + . .     Faith    .   i - +0 leather armour
rPois    ∞         Spirit   .   (no helmet)
rElec    +         Reflect  .   k - +2 cloak
rCorr    .         Harm     .   (no gloves)
MR       .....                  (no boots)
Stlth    +.........             (no amulet)
HPRegen  0.09/turn              m - +2 ring of strength
MPRegen  0.09/turn              (no ring)

@: no status effects
A: negative energy resistance 1, electricity resistance, unbreathing,
petrification resistance, rot immunity, AC +3
a: no special abilities


You were on level 4 of the Dungeon.
You were not hungry.

You visited 1 branch of the dungeon, and saw 3 of its levels.

You collected 102 gold pieces.

Inventory:

Hand Weapons
 a - a +1 hand crossbow
 b - a +0 short sword
 f - a +0 dagger of venom (weapon)
   (You took it off a kobold on level 1 of the Dungeon)
Missiles
 d - 53 bolts
Armour
 i - a +0 leather armour (worn)
   (You found it on level 1 of the Dungeon)
 k - a +2 cloak (worn)
   (You found it on level 1 of the Dungeon)
Jewellery
 m - a +2 ring of strength (left hand)
   (You found it on level 2 of the Dungeon)
Scrolls
 c - a scroll of fog {unknown}
 j - 2 scrolls of identify {unknown}
 n - a scroll of immolation {unknown}
 o - a scroll of fear {unknown}
 p - a scroll of remove curse {unknown}
Potions
 h - 2 potions of brilliance {unknown}
 l - a potion of ambrosia {unknown}
 q - 2 potions of heal wounds {unknown}
 r - a potion of flight {unknown}
Comestibles
 e - 6 rations {!d}
 g - 6 chunks of flesh


   Skills:
 - Level 3.0 Fighting
 + Level 1.4 Short Blades
 - Level 4.2 Crossbows
 + Level 1.7 Armour
 - Level 2.0 Dodging
 - Level 2.0 Stealth


You had 3 spell levels left.
You didn't know any spells.
Your spell library was empty.

Dungeon Overview and Level Annotations

Branches:
Dungeon (2/15)

Altars:


Innate Abilities, Weirdness & Mutations

You are resistant to torment.
Your stone body is resilient. (AC +3)
You are immune to poison.
You resist negative energy. (rN+)
You are resistant to electric shocks. (rElec)
You can survive without breathing.
You are immune to petrification.
You are immune to rotting.


Message History

The orc hits you from afar with a +0 trident!
The orc hits you with a +0 short sword.
* * * LOW HITPOINT WARNING * * *
The adder bites you but does no damage.
You hit the orc. The orc hits you but does no damage.
The adder barely misses you. The orc hits you but does no damage.
You completely miss the orc. The adder bites you but does no damage.
The orc barely misses you. The orc hits you with a +0 short sword.
* * * LOW HITPOINT WARNING * * *
You barely miss the orc.
You kill the orc!
The adder closely misses you.
The orc hits you from afar with a +0 trident.
* * * LOW HITPOINT WARNING * * *
The adder bites you.
* * * LOW HITPOINT WARNING * * *
The adder skeleton bites you but does no damage.
Found a whip.
You kill the adder!
You feel your strength returning.
Found a scroll labeled ECILIR HOADGHU.
You hit the adder skeleton. The adder skeleton closely misses you.
You completely miss the adder skeleton.
The adder skeleton bites you but does no damage.
You hit the adder skeleton but do no damage.
The adder skeleton bites you but does no damage. x2
You hit the adder skeleton.
The adder skeleton bites you but does no damage.
You hit the adder skeleton but do no damage.
The adder skeleton misses you.
You hit the adder skeleton but do no damage.
The adder skeleton closely misses you.
You closely miss the adder skeleton. The adder skeleton barely misses you.
You barely miss the adder skeleton. The adder skeleton misses you.
You hit the adder skeleton. The adder skeleton barely misses you.
You hit the adder skeleton. The adder skeleton bites you.
* * * LOW HITPOINT WARNING * * *
You hit the adder skeleton.
You destroy the adder skeleton!
Some of the chunks of flesh in your inventory have rotted away.
You hit the quokka.
The quokka is poisoned.
You kill the quokka!
You barely miss the hound. The hound barely misses you.
The hound bites you but does no damage.
You hit the hound. The hound barely misses you. The orc closely misses you.
You closely miss the hound. The hound barely misses you.
The orc hits you from afar with a +0 trident.
* * * LOW HITPOINT WARNING * * *
You closely miss the hound. The hound bites you.
You die...

..##...#....# #.#...
..#o..##...###......
.......#........##
..........#.oo#...#
...a?....###)##..##
...........).# #..##
.....###..ho.# #...#
..#.## ##..>.###...##..#
.....# #....†.##@......#
..##..........oh##..#...
$.. ...####..#oo# ....
... ##..# #....... ....
..#. ..# ##....##.. .?.
#...## ..... ....# .. .
.###.. . ). ##.


You could see a hound and 3 orcs.

Vanquished Creatures
  4 adders
  An adder skeleton (D:4)
  3 dart slugs
  A leopard gecko (D:1)
  2 orcs (D:4)
  2 ball pythons (D:1)
  2 bats (D:2)
  5 giant cockroaches
  4 goblins
  4 hobgoblins
  A jackal (D:4)
  A quokka (D:4)
  5 frilled lizards
  3 kobolds (D:1)
  2 rats (D:2)
40 creatures vanquished.

Notes
Turn   | Place    | Note
-------+----------+-------------------------------------------
     0 | D:1      | test0r the Gargoyle Hunter began the quest for the Orb.
     0 | D:1      | Reached XP level 1. HP: 12/12 MP: 1/1
   516 | D:1      | Reached XP level 2. HP: 16/18 MP: 2/2
  1465 | D:1      | Reached XP level 3. HP: 22/22 MP: 3/3
  1770 | D:1      | asdf
  2112 | D:2      | Reached skill level 1 in Armour
  2112 | D:2      | Reached XP level 4. HP: 21/28 MP: 4/4
  2195 | D:2      | Reached skill level 1 in Short Blades
  2202 | D:2      | You fall through a shaft for 2 floors!
  2257 | D:4      | Slain by a hound

Skill      XL: |  1  2  3  4 |
---------------+-------------+-----
Dodging        | 2 |  2.0
Stealth        | 2 |  2.0
Fighting       | 3 |  3.0
Armour         | 1 |  1.7
Short Blades   | 1 |  1.4
Crossbows      | |  4.2

Action                   |  1- 3 |  4- 6 || total
-------------------------+-------+-------++-------
Melee: Short sword       |    72 |       ||    72
       Dagger            |    57 |    52 ||   109
 Fire: Hand crossbow     |    16 |       ||    16
  Use: Potion            |     1 |       ||     1
  Eat: Chunk             |     4 |       ||     4
Armor: Leather armour    |    68 |    29 ||    97
Dodge: Dodged            |    76 |    39 ||   115
